 Dungeon Crawl Stone Soup version 0.28.0 (webtiles) character file.

Game seed: 7400384232679418799

53 horus123 the Skirmisher (level 3, -1/32 HPs)
             Began as a Barachi Gladiator on Feb 16, 2022.
             Slain by an ogre (28 damage)
             ... on level 2 of the Dungeon.
             The game lasted 00:01:22 (1425 turns).

horus123 the Skirmisher (Barachi Gladiator)         Turns: 1425, Time: 00:01:22

Health: -1/32      AC:  4    Str: 17    XL:     3   Next: 89%
Magic:  3/3        EV: 16    Int:  8    God:
Gold:   46         SH:  0    Dex: 13    Spells: 2/2 levels left

rFire   . . .      SeeInvis .   a - +0 long sword
rCold   . . .      Faith    .   (no shield)
rNeg    . . .      Spirit   .   b - +0 leather armour
rPois   .          Reflect  .   c - +0 helmet
rElec   .          Harm     .   (no cloak)
rCorr   .          Rampage  .   (no gloves)
Will    .....                   (no boots)
Stlth   +.........              (no amulet)
HPRegen 0.10/turn               f - +4 ring of evasion
MPRegen 0.08/turn               (no ring)

@: slow
A: amphibious, slowness 1, strong legs 1, +LOS
a: Hop


You were on level 2 of the Dungeon.
You visited 1 branch of the dungeon, and saw 2 of its levels.

You collected 46 gold pieces.

Inventory:

Hand Weapons
 a - a +0 long sword (weapon)
 e - a +2 flail of draining
Missiles
 d - 3 throwing nets (quivered)
Armour
 b - a +0 leather armour (worn)
 c - a +0 helmet (worn)
Jewellery
 f - a +4 ring of evasion (left hand)
Potions
 g - a potion of attraction {unknown}
 h - 2 potions of flight {unknown}


   Skills:
 + Level 4.9 Fighting
 - Level 3.6 Long Blades
 - Level 2.0 Throwing
 - Level 3.3 Dodging


You had 2 spell levels left.
You didn't know any spells.
Your spell library contained the following spells:

 Spells                   Type           Power      Damage    Failure   Level
 Slow                     Hex            0%         N/A       47%         1
 Confusing Touch          Hex            0%         N/A       85%         3
 Vampiric Draining        Necr           0%         2d6       85%         3
 Petrify                  Tmut/Erth      0%         N/A       99%         4
 Metabolic Englaciation   Hex/Ice        0%         N/A       100%        5
 Statue Form              Tmut/Erth      0%         N/A       100%        6


Dungeon Overview and Level Annotations

Branches:
Dungeon (2/15)

Altars:
The Shining One


Innate Abilities, Weirdness & Mutations

You are amphibious.
You cover ground slowly.
You can hop short distances.
You have an extended range of vision and can be seen from far away.


Message History

You slash the adder!
The adder is almost dead.
You feel sick. The adder barely misses you.
You slash the adder!
You kill the adder!
You feel sick.
No target in view!
No target in view!
No target in view!
No target in view!
No target in view!
No target in view!
No target in view!
No target in view!
No target in view!
No target in view!
No target in view!
No target in view!
No target in view!
No target in view!
No target in view!
No target in view!
You start resting.
You feel sick. x3
You are no longer poisoned.
You start resting.
An ogre comes into view. It is wielding a +0 giant spiked club.
An ogre is nearby!
The ogre shouts!
You see here an adder corpse.
Found a scroll labelled CASEKO LENOPY.
The ogre closely misses you.
You hit the ogre.
The ogre is lightly wounded.
The ogre hits you with a +0 giant spiked club.
You slash the ogre!
The ogre is heavily wounded.
You slash the ogre!
The ogre is severely wounded.
The ogre hits you with a +0 giant spiked club!!
Ouch! That really hurt!
You die...

...#.# .......
.......
.......
..?....#
##..[...
......$.######
#..........+
#...O@†<#
#..#.#### +..
... # #..#.
#..#. #. #. #
#? #. #.


You could see an ogre.

Vanquished Creatures
  An adder (D:2)
  3 dart slugs (D:1)
  2 ball pythons (D:1)
  3 bats (D:1)
  4 endoplasms (D:1)
  A giant cockroach (D:1)
  3 goblins (D:1)
  3 hobgoblins
  2 jackals (D:1)
  A quokka (D:1)
  3 frilled lizards (D:1)
  3 kobolds (D:1)
  8 rats (D:1)
37 creatures vanquished.

Notes
Turn   | Place    | Note
-------+----------+-------------------------------------------
     0 | D:1      | horus123 the Barachi Gladiator began the quest for the Orb.
     0 | D:1      | Reached XP level 1. HP: 17/17 MP: 1/1
    93 | D:1      | Reached skill level 3 in Fighting
   355 | D:1      | Found a glowing golden altar of the Shining One.
   377 | D:1      | Reached XP level 2. HP: 21/24 MP: 2/2
   565 | D:1      | Reached skill level 4 in Fighting
   618 | D:1      | Reached XP level 3. HP: 30/30 MP: 3/3
  1420 | D:2      | Noticed an ogre
  1425 | D:2      | Slain by an ogre

Illustrated notes

Levels and vault maps discovered:
D:1:      wander_arrival_peaceful_grave, layout_basic, grunt_decor_clamped,
          hangedman_feature_mirror, kennysheep_flooded_box, minmay_pentomino_w4
D:2:      layout_basic, basic_altar, uniq_crazy_yiuf_cottage, uniq_jessica

Skill      XL: |  1  2 |
---------------+-------+-----
Fighting       | 3 4 |  4.9
Long Blades    | |  3.6
Throwing       | |  2.0
Dodging        | |  3.3

Action                   || total
-------------------------++-------
Melee: Long sword        ||   121
Armor: Leather armour    ||    33
Dodge: Dodged            ||    97
